 Dungeon Crawl Stone Soup version 0.31.0-11-ge490571c62 (webtiles) character file.

Game seed: 4234771755842532440

166 qw the Ducker (level 5, -1/26 HPs)
             Began as a Spriggan Hunter on Feb 3, 2024.
             Slain by an orc
             ... wielding a +0 trident
              (2 damage)
             ... on level 4 of the Dungeon.
             The game lasted 00:00:49 (1456 turns).

qw the Ducker (Spriggan Hunter)                     Turns: 1456, Time: 00:00:50

Health: -1/26      AC:  2    Str:  7    XL:     5   Next: 22%
Magic:  6/6        EV: 21    Int: 10    God:
Gold:   172        SH:  0    Dex: 21    Spells: 4/4 levels left

rFire   . . .        a - +0 shortbow
rCold   . . .        (shield currently unavailable)
rNeg    . . .        c - +0 robe
rPois   .            (helmet restricted)
rElec   .            (no cloak)
rCorr   .            (gloves unavailable)
SInv    +            (boots unavailable)
Will    .....        (no amulet)
Stlth   ++           (no ring)
HPRegen 0.24/turn    (no ring)
MPRegen 0.10/turn

%: no passive effects
@: very quick
A: very small, no large weapons, unfitting armour, see invisible, speed 3
a: no special abilities


You were on level 4 of the Dungeon.
You visited 1 branch of the dungeon, and saw 4 of its levels.

You collected 172 gold pieces.


Innate Abilities, Weirdness & Mutations

You are very small and have problems with some larger weapons.
You are too small for most types of armour.
You have supernaturally acute eyesight. (SInv)
You cover ground extremely quickly. (Speed+++)


   Skills:
 - Level 2.0 Fighting
 + Level 5.3 Ranged Weapons
 - Level 5.3 Dodging
 - Level 1.5 Stealth


You had 4 spell levels left.
You didn't know any spells.
Your spell library was empty.

Inventory:

Hand Weapons
 a - a +0 shortbow (weapon)
Armour
 c - a +0 robe (worn)
 g - a +0 cloak
Wands
 h - a wand of paralysis (3)
Potions
 b - a potion of might {unknown}
 d - a potion of cancellation
 e - 3 potions of curing {unknown}
 f - a potion of attraction {unknown}

Dungeon Overview and Level Annotations

Branches:
Dungeon (4/15)
 Temple: D:4-7

Altars:
Qazlal


Message History

The orc priest completely misses you.
The orc priest looks satisfied for a moment.
You shoot an arrow. The arrow barely misses the orc priest.
The orc priest misses you.
The orc priest begins to cast a cantrip, but forgets the words!
You shoot an arrow.
The arrow closely misses the orc priest.
The orc priest barely misses you.
You shoot an arrow. The arrow barely misses the orc priest.
The orc priest misses you.
The orc priest invokes the aid of Beogh against you.
Pain shoots through your body!
You shoot an arrow.
The arrow closely misses the orc priest.
The orc priest hits you from afar with a +0 trident.
You shoot an arrow. The arrow barely misses the orc.
The orc priest closely misses you. The orc hits you with a +0 trident.
You shoot an arrow.
The arrow hits the orc but does no damage.
The orc priest misses you. The orc hits you but does no damage.
The orc misses you.
You shoot an arrow. The arrow hits the orc.
The orc is heavily wounded.
The orc priest calls upon Beogh to heal the orc.
The orc's wounds heal themselves!
The orc closely misses you. The orc barely misses you.
You shoot an arrow. The arrow barely misses the orc.
The orc priest mumbles some strange prayers to Beogh against you.
Beogh smites you! The orc closely misses you. The orc completely misses you.
You shoot an arrow. The arrow barely misses the orc.
The orc priest barely misses you.
You shoot an arrow. The arrow hits the orc!
You kill the orc!
The orc priest misses you.
You shoot an arrow. The arrow barely misses the orc.
The orc priest completely misses you. The orc closely misses you.
You shoot an arrow. The arrow barely misses the orc.
The orc priest hits you from afar with a +0 trident.
The orc hits you with a +0 trident.
You die...

#....%..##########
#........~~~r
###......~~~~ ##
##.#....#.~~~~~ #..
#.......####### ##B..
#.....#..####.# ##.....
#...#.#....#..# .O.o...
##.######.)...##...o>o.
## ####.....@#.......
##.##.....ooo......
#.................#
#.<...#............
#.....#.......###..
##...##..............##
##..#...##..##.......## #
#...)..##..# #.......# #.
#..##..#...###.......##..


You could see 2 orc priests and an orc.

Vanquished Creatures
  2 orc wizards (D:3)
  2 adders
  2 dart slugs (D:3)
  13 orcs
  8 ball pythons
  7 endoplasms
  2 giant cockroaches
  6 goblins
  3 hobgoblins
  7 jackals
  4 quokkas
  4 bats
  7 frilled lizards
  4 kobolds
  9 rats
80 creatures vanquished.

Notes
Turn   | Place    | Note
-------+----------+-------------------------------------------
     0 | D:1      | qw the Spriggan Hunter began the quest for the Orb.
     0 | D:1      | Reached XP level 1. HP: 10/10 MP: 2/2
     0 | D:1      | 0 ||| qw: Version: 0.3-a-155-g5e7d8dd
     0 | D:1      | 0 ||| qw: Game counter: 3166
     0 | D:1      | 0 ||| qw: Melee chars always use a shield: true
     0 | D:1      | 0 ||| qw: God list: Okawaru
     0 | D:1      | 0 ||| qw: Allow faded altars: false
     0 | D:1      | 0 ||| qw: Do Orc after clearing Dungeon:15 true
     0 | D:1      | 0 ||| qw: Do second Lair branch before Depths: true
     0 | D:1      | 0 ||| qw: Lair rune preference: random
     0 | D:1      | 0 ||| qw: Goals: Normal
     0 | D:1      | 0 ||| PLANNING D:1-11
    20 | D:1      | Reached skill level 3 in Dodging
    83 | D:1      | Reached XP level 2. HP: 14/14 MP: 3/3
   282 | D:1      | 282 ||| READING scroll labelled MEF UHEIR HYL.
   283 | D:1      | 283 ||| DRINKING 2 sedimented brown potions.
   284 | D:1      | 284 ||| DROPPING scroll of butterflies.
   285 | D:1      | 285 ||| DROPPING potion of degeneration.
   314 | D:2      | 314 ||| FLEEEEING.
   499 | D:2      | Reached XP level 3. HP: 18/18 MP: 4/4
   729 | D:2      | 729 ||| READING scroll labelled CAGIFIHUTT.
   730 | D:2      | 730 ||| READING scroll labelled YFFUCOK ROABBO.
   731 | D:2      | 731 ||| READING scroll labelled OSUEJ ZIM BAGU.
   731 | D:2      | 731 ||| IDENTIFYING fuming sapphire potion
   732 | D:2      | 732 ||| DROPPING potion of lignification.
   947 | D:3      | Reached XP level 4. HP: 22/22 MP: 5/5
  1176 | D:3      | 1176 ||| READING scroll of identify.
  1176 | D:3      | 1176 ||| IDENTIFYING orange potion
  1177 | D:3      | 1177 ||| READING scroll labelled ROBREUDEUT.
  1178 | D:3      | 1178 ||| READING scroll labelled XEM RYDWEZEB.
  1201 | D:4      | 1201 ||| PLANNING SEWER
  1265 | D:4      | Reached XP level 5. HP: 25/26 MP: 6/6
  1361 | D:4      | Found a stormy altar of Qazlal.
  1364 | D:4      | Noticed an air elemental
  1364 | D:4      | Noticed a water elemental
  1364 | D:4      | Noticed a fire elemental
  1396 | D:4      | 1396 ||| FLEEEEING.
  1397 | D:4      | 1397 ||| FLEEEEING.
  1398 | D:4      | 1398 ||| FLEEEEING.
  1399 | D:4      | 1399 ||| FLEEEEING.
  1400 | D:4      | 1400 ||| FLEEEEING.
  1401 | D:4      | 1401 ||| FLEEEEING.
  1403 | D:4      | 1403 ||| FLEEEEING.
  1404 | D:4      | 1404 ||| FLEEEEING.
  1405 | D:4      | 1405 ||| FLEEEEING.
  1407 | D:4      | 1407 ||| FLEEEEING.
  1408 | D:4      | 1408 ||| FLEEEEING.
  1409 | D:4      | 1409 ||| FLEEEEING.
  1410 | D:4      | 1410 ||| FLEEEEING.
  1411 | D:4      | 1411 ||| FLEEEEING.
  1413 | D:4      | 1413 ||| FLEEEEING.
  1418 | D:4      | 1418 ||| FLEEEEING.
  1420 | D:4      | 1420 ||| FLEEEEING.
  1421 | D:4      | 1421 ||| FLEEEEING.
  1422 | D:4      | 1422 ||| FLEEEEING.
  1433 | D:4      | Noticed an ogre
  1434 | D:4      | 1434 ||| ZAPPING wand of paralysis (4) at 3,-4 (ogre;
                  | floor).
  1440 | D:4      | 1440 ||| RETREEEEATING.
  1452 | D:4      | HP: 5/26 [orc priest/divine providence (11)]
  1456 | D:4      | HP: 1/26 [orc priest/+0 trident (5)]
  1456 | D:4      | Slain by an orc

Levels and vault maps discovered:
D:1:      dpeg_arrival_pits, layout_rooms
D:2:      layout_rooms
D:3:      layout_rooms
D:4:      layout_cave_pools, nicolae_qazlal_style_of_elements,
          kiku_gazebo_garden_becter, portal_sewer_entry_f,
          nicolae_shop_sticking_my_neck_out

Skill      XL: |  1  2  3  4 |
---------------+-------------+-----
Dodging        | 3 4 5 |  5.3
Ranged Weapons | 5 |  5.3
Fighting       | 2 |  2.0
Stealth        | |  1.5

Action                     |  1- 3 |  4- 6 || total
---------------------------+-------+-------++-------
   Fire: Shortbow          |   137 |   114 ||   251
  Evoke: Wand              |       |     1 ||     1
    Use: Scroll            |     4 |     3 ||     7
         Potion            |     1 |       ||     1
 Armour: Robe              |     6 |    20 ||    26
  Dodge: Dodged            |    22 |    80 ||   102

Table legend:
 A = Non-vault XP
 B = Vault XP
 C = Vault XP percentage of total XP
 D = Non-vault monster count
 E = Vault monster count
 F = Vault count percentage of total count
                 A         B        C        D         E       F
            +---------+---------+-------+---------+---------+-------
      Total |     230 |       8 |   3.4 |      76 |       4 |   5.0
            +---------+---------+-------+---------+---------+-------
        D:1 |      20 |       0 |   0.0 |      12 |       0 |   0.0
        D:2 |      44 |       0 |   0.0 |      22 |       0 |   0.0
        D:3 |     117 |       0 |   0.0 |      26 |       0 |   0.0
        D:4 |      49 |       8 |  14.0 |      16 |       4 |  20.0
            +---------+---------+-------+---------+---------+-------
